 Dungeon Crawl Stone Soup version 0.19.4-9-g45fd643 (webtiles) character file.

21753 Da5id the Covert (level 12, -10/86 HPs)
             Began as a Demonspawn Enchanter on Feb 18, 2017.
             Was an Elder of Dithmenos.
             Killed from afar by Fannar (13 damage)
             ... with a bolt of cold
             ... on level 1 of the Lair of Beasts on Feb 19, 2017.
             The game lasted 00:50:01 (17434 turns).

Da5id the Covert (Demonspawn Enchanter)            Turns: 17434, Time: 00:50:01

Health: -10/86     AC: 14    Str:  9    XL:     12   Next: 57%
Magic:  10/21      EV: 12    Int: 30    God:    Dithmenos [****..]
Gold:   822        SH:  0    Dex: 25    Spells: 4 memorised, 10 levels left

rFire  + . .     SeeInvis +     a - +1 dagger
rCold  . . .     Gourm    .     u - +2 leather armour of Xuissar {Int+6 Dex+4}
rNeg   + . .     Faith    .     (no shield)
rPois  .         Spirit   .     f - +2 helmet {SInv}
rElec  .         Reflect  .     i - +1 cloak
rCorr  .         Harm     .     (no gloves)
MR     .....                    t - +0 pair of boots
Stlth  ++++++....               C - amulet "Kasiump" {RegenMP rN+ Slay+3}
                                V - +2 ring of intelligence
                                F - ring of Utsajetz {rF+ Int+2 Dex+4 Stlth-}

@: wreathed by umbra
A: claws 1, molten scales 2, clever 1, demonic guardian 1, spiny 2
a: Shadow Step, Renounce Religion


You were on level 1 of the Lair of Beasts.
You worshipped Dithmenos.
Dithmenos was greatly pleased with you.
You were hungry.

You visited 2 branches of the dungeon, and saw 12 of its levels.

You collected 904 gold pieces.
You spent 82 gold pieces at shops.

Inventory:

Hand Weapons
 a - a +1 dagger (weapon)
 y - a +0 blowgun
Missiles
 v - 9 curare-tipped needles
 z - 51 poisoned needles
 R - 25 sling bullets
Armour
 f - a +2 helmet of see invisible (worn)
 i - a +1 cloak (worn)
 t - a +0 pair of boots (worn)
 u - the +2 leather armour of Xuissar (worn) {Int+6 Dex+4}
   (You found it on level 5 of the Dungeon)

   It affects your intelligence (+6).
   It affects your dexterity (+4).
Jewellery
 e - an uncursed amulet of regeneration
 s - an uncursed ring of flight
 C - the amulet "Kasiump" (around neck) {RegenMP rN+ Slay+3}
   (You found it on level 8 of the Dungeon)

   [amulet of magic regeneration]

   It increases your magic regeneration.
   It affects your accuracy and damage with ranged weapons and melee attacks
   (+3).
   It protects you from negative energy.
 F - a ring of Utsajetz (left claw) {rF+ Int+2 Dex+4 Stlth-}
   (You found it on level 5 of the Dungeon)

   [ring of loudness]

   It affects your intelligence (+2).
   It affects your dexterity (+4).
   It protects you from fire.
   It makes you less stealthy.
 V - a +2 ring of intelligence (right claw)
Wands
 x - a wand of teleportation (3/9)
Scrolls
 l - 3 scrolls of remove curse {unknown}
 m - 4 scrolls of magic mapping {unknown}
 p - 2 scrolls of fog {unknown}
 r - 3 scrolls of fear {unknown}
 w - a scroll of random uselessness {unknown}
 B - 4 scrolls of recharging {unknown}
 E - 3 scrolls of teleportation {unknown}
 J - a scroll of blinking {unknown}
 N - a scroll of noise {unknown}
 O - a scroll of enchant armour
 Q - a scroll of brand weapon {unknown}
Potions
 b - 3 potions of cancellation
 h - 4 potions of heal wounds
 j - a potion of cure mutation
 k - a potion of magic
 n - 2 potions of curing
 o - 4 potions of haste
 q - 4 potions of flight
 A - a potion of ambrosia
 D - 2 potions of might {unknown}
 S - a potion of berserk rage {unknown}
 T - a potion of resistance {unknown}
Books
 c - a book of Maledictions

   Spells                             Type                      Level
   a - Corona                         Hexes                        1
   b - Ensorcelled Hibernation        Hexes/Ice                    2
   c - Confuse                        Hexes                        3
   d - Tukima's Dance                 Hexes                        3
   e - Dazzling Spray                 Conjuration/Hexes            3
 K - a book of Power

   Spells                             Type                      Level
   a - Fulminant Prism                Conjuration/Hexes            4
   b - Iskenderun's Mystic Blast      Conjuration                  4
   c - Venom Bolt                     Conjuration/Poison           5
   d - Bolt of Magma                  Conjuration/Fire/Earth       5
   e - Iron Shot                      Conjuration/Earth            6
   f - Orb of Destruction             Conjuration                  7
   g - Spellforged Servitor           Conjuration/Summoning        7
 M - a book of Clouds

   Spells                             Type                      Level
   a - Mephitic Cloud                 Conjuration/Poison/Air       3
   b - Conjure Flame                  Conjuration/Fire             3
   c - Poisonous Cloud                Conjuration/Poison/Air       6
   d - Freezing Cloud                 Conjuration/Ice/Air          6
   e - Ring of Flames                 Charms/Fire                  7
Comestibles
 d - 12 bread rations
 g - 3 meat rations
 G - 3 beef jerkies
 H - 3 fruits
 I - 6 slices of pizza
 L - 9 chunks of flesh


   Skills:
 - Level 5.6 Fighting
 - Level 10.0 Short Blades
 - Level 1.9 Dodging
 - Level 11.5 Stealth
 + Level 6.1 Spellcasting
 * Level 5.4 Conjurations
 - Level 8.0 Hexes
 - Level 3.1 Ice Magic
 - Level 8.0 Invocations


You had 10 spell levels left.
You knew the following spells:

 Your Spells              Type           Power        Failure   Level  Hunger
a - Corona                Hex            ######.      1%          1    None
b - Ensorcelled Hibernat  Hex/Ice        #####.       1%          2    None
c - Confuse               Hex            ######..     1%          3    None
d - Orb of Destruction    Conj           #####.....   100%        7    #######


Dungeon Overview and Level Annotations

Branches:
Dungeon (11/15)            Temple (0/1) D:7            Lair (1/6) D:8
    Orc (0/2) D:11

Altars:
Ashenzari
Dithmenos
Elyvilon
Hepliaklqana
Qazlal
Sif Muna
Trog
Uskayaw
Vehumet
Xom
The Shining One

Shops:
D:5 *   D:6 [   D:11 [

Annotations:
D:4 VoxxSkies's ghost, amateur DsGl
D:5 2 runed doors
Lair:1 Fannar


Innate Abilities, Weirdness & Mutations

You have sharp fingernails.
You are mostly covered in molten scales. (AC +3)
A weak demonic guardian rushes to your aid.
You are mostly covered in sharp spines.
Your mind is acute. (Int +2)


Message History

Your iron imp is heavily wounded.
Your shadow imp resists.
Your shadow imp is heavily wounded.
Your shadow imp resists.
Your shadow imp is lightly wounded.
Fannar resists.
Fannar is moderately wounded.
Your shadow imp closely misses Fannar.
You catch the helpless Fannar completely off-guard!
You spit Fannar like a pig!!!
Fannar is almost dead.
The bullfrog closely misses your shadow imp.
Your iron imp hits Fannar but does no damage.
You barely miss Fannar.
Fannar is almost dead.
Your iron imp disappears in a puff of smoke!
Your shadow imp barely misses Fannar.
Fannar casts a spell at you. The bolt of cold hits you!
You die...

.........♣ ♣.# Y8.>.8.+
.........♣ ♣.+ .......#.
♣♣♣♣♣♣♣♣♣♣♣♣.# ........ ♣♣♣
♣..#######..8....#
♣.♣♣♣#♣♣♣♣#...##.#......# ..
.♣.♣#....#.##.#...§....# ..
...#...###.##.....8...##..
.......P#..###...5§..##.##
.......##..##....@e..#...#
..).........#.#..5##..#..##
..............####F.......#
###...###.#.###...........#
##...## ###.# ###...........
##....####..# #......##....
#.......#P..# ##Y.#.........
..#....§Y..####..#........#.
.##..##..[..##..#.........#


You could see Fannar, a bullfrog and 2 friendly shadow imps.

Vanquished Creatures
  Josephine (D:10)
  Erica (D:10)
  A centaur warrior (D:9)
  Sonja (D:11)
  An unseen horror (D:11)
  A hill giant (D:8)
  A cyclops (D:11)
  An ugly thing (D:11)
  2 manticores
  2 black mambas (Lair:1)
  3 spiny frogs (Lair:1)
  A komodo dragon (Lair:1)
  4 trolls
  3 blink frogs (Lair:1)
  A hippogriff (D:9)
  5 wraiths (D:10)
  4 hogs (D:7)
  A human (D:7)
  30 yaks
  A steam dragon (D:11)
  2 hungry ghosts
  A mottled dragon (D:6)
  2 water moccasins
  2 porcupines (Lair:1)
  Duvessa (D:4)
  An ice beast (D:10)
  6 orc warriors
  4 sky beasts
  2 black bears
  An eye of draining (D:10)
  8 ogres
  4 phantoms
  A necrophage (D:6)
  2 crocodiles (Lair:1)
  5 centaurs
  A big kobold (D:10)
  10 bullfrogs
  Blork the orc (D:6)
  Dowan (D:4)
  3 scorpions (D:9)
  10 killer bees
  4 wights (D:10)
  An electric eel (D:10)
  5 crimson imps
  3 bullfrog zombies
  2 centaur zombies
  4 hounds
  Crazy Yiuf (D:2)
  10 orc priests
  A jelly (D:5)
  12 orc wizards
  Jessica (D:2)
  3 iguanas
  7 worker ants
  A hound zombie (D:5)
  2 worker ant zombies
  3 gnolls (D:6)
  3 river rats (D:8)
  6 adders
  A howler monkey skeleton (D:9)
  4 shadow imps
  3 oozes
  A worm (D:2)
  A dart slug (D:1)
  4 leopard geckos
  63 orcs
  16 bats
  4 giant cockroaches
  10 goblins
  5 hobgoblins
  12 jackals
  4 quokkas
  A ball python (D:4)
  A ball python zombie (D:5)
  5 frilled lizards
  9 kobolds
  15 rats
361 creatures vanquished.

Vanquished Creatures (collateral kills)
  A yak (D:8)
  A necrophage (D:6)
  A phantom (D:6)
  2 ogres
  2 bullfrogs (Lair:1)
  2 orc wizards
  A worker ant zombie (D:11)
  A river rat (D:8)
  A leopard gecko (D:9)
  An orc (D:5)
13 creatures vanquished.

Vanquished Creatures (others)
  A quokka (D:4)
  3 fungi
  A plant (Lair:1)
5 creatures vanquished.

Grand Total: 379 creatures vanquished

Notes
Turn   | Place    | Note
-------+----------+-------------------------------------------
     0 | D:1      | Da5id the Demonspawn Enchanter began the quest for the Orb.
     0 | D:1      | Reached XP level 1. HP: 13/13 MP: 3/3
    21 | D:1      | Reached skill level 1 in Short Blades
   398 | D:1      | Gained mutation: You are partially covered in sharp spines. [demonic ancestry]
   398 | D:1      | Reached XP level 2. HP: 18/19 MP: 3/5
   517 | D:1      | Learned a level 2 spell: Ensorcelled Hibernation
  1563 | D:2      | Reached XP level 3. HP: 24/24 MP: 6/6
  1861 | D:2      | Noticed Jessica
  1866 | D:2      | Killed Jessica
  1866 | D:2      | Gained mutation: You are partially covered in molten scales. (AC +2) [demonic ancestry]
  1866 | D:2      | Reached XP level 4. HP: 25/30 MP: 7/7
  1975 | D:2      | Found a bloodstained altar of Trog.
  2020 | D:2      | Found a radiant altar of Vehumet.
  2166 | D:2      | Found a runed door.
  2282 | D:2      | Noticed Crazy Yiuf
  2290 | D:2      | Killed Crazy Yiuf
  2290 | D:2      | Reached skill level 5 in Hexes
  2722 | D:3      | Gained mutation: You are mostly covered in sharp spines. [demonic ancestry]
  2722 | D:3      | Reached XP level 5. HP: 30/35 MP: 8/8
  3399 | D:3      | Learned a level 3 spell: Confuse
  3578 | D:4      | Found a stormy altar of Qazlal.
  3581 | D:4      | Noticed Duvessa
  3582 | D:4      | Noticed Dowan
  3617 | D:4      | Killed Duvessa
  3617 | D:4      | Reached XP level 6. HP: 4/41 MP: 3/9
  3787 | D:4      | Killed Dowan
  3945 | D:4      | Noticed VoxxSkies's ghost (amateur DsGl)
  4065 | D:4      | HP: 2/41 [VoxxSkies's ghost (13)]
  4370 | D:4      | Found a white marble altar of Elyvilon.
  4950 | D:5      | Entered Level 5 of the Dungeon
  5026 | D:5      | Found a deep blue altar of Sif Muna.
  5072 | D:5      | Reached skill level 3 in Stealth
  5194 | D:5      | Gained mutation: A weak demonic guardian rushes to your aid. [demonic ancestry]
  5194 | D:5      | Reached XP level 7. HP: 28/46 MP: 10/10
  5347 | D:5      | Found a large runed door.
  5348 | D:5      | Found a large runed door.
  5365 | D:5      | Got a dazzling leather armour
  5431 | D:5      | Reached skill level 4 in Stealth
  5563 | D:5      | Found a large runed door.
  5564 | D:5      | Found a large runed door.
  5670 | D:5      | Found Inaano Iliaps's General Store.
  5674 | D:5      | Bought a scroll of enchant armour for 82 gold pieces
  5974 | D:5      | Reached skill level 5 in Stealth
  6157 | D:5      | Reached XP level 8. HP: 52/52 MP: 12/12
  6162 | D:5      | Got a warped granite ring
  6164 | D:5      | Identified a ring of Utsajetz {rF+ Int+2 Dex+4 Stlth-} (You found it on level 5 of the Dungeon)
  6186 | D:5      | Identified the +2 leather armour of Xuissar {Int+6 Dex+4} (You found it on level 5 of the Dungeon)
  6423 | D:6      | Found a shattered altar of Ashenzari.
  6668 | D:6      | Noticed Blork the orc
  6670 | D:6      | Found Ihalo's Antique Armour Shop.
  6675 | D:6      | Killed Blork the orc
  6675 | D:6      | Reached skill level 6 in Stealth
  7028 | D:6      | Found a glowing golden altar of the Shining One.
  7170 | D:6      | Reached skill level 5 in Short Blades
  7170 | D:6      | Reached skill level 7 in Stealth
  7175 | D:6      | Found a glowing golden altar of the Shining One.
  7255 | D:6      | Reached XP level 9. HP: 53/57 MP: 13/13
  7411 | D:6      | Gained mutation: Your mind is acute. (Int +2) [potion of beneficial mutation]
  7533 | D:6      | Found a shadowy altar of Dithmenos.
  7572 | D:6      | Became a worshipper of Dithmenos the Shadowed
  7712 | D:7      | Reached skill level 8 in Stealth
  7944 | D:7      | HP: 2/57 [orc priest/divine providence (11)]
  8446 | D:7      | Noticed a dagger
  8447 | D:7      | Noticed a hand axe
  8449 | D:7      | Found a hide-covered altar of Uskayaw.
  8587 | D:7      | Reached skill level 1 in Ice Magic
  8818 | D:7      | Found a staircase to the Ecumenical Temple.
  9048 | D:8      | Found a staircase to the Lair.
  9056 | D:8      | Reached skill level 9 in Stealth
  9058 | D:8      | Reached * piety under Dithmenos
  9180 | D:8      | Gained mutation: You are mostly covered in molten scales. (AC +3) [demonic ancestry]
  9180 | D:8      | Reached XP level 10. HP: 63/63 MP: 11/14
  9640 | D:8      | Got a coiled crystal amulet
  9760 | D:8      | Noticed a hill giant
  9767 | D:8      | Killed a hill giant
  9767 | D:8      | Reached skill level 1 in Fighting
  9946 | D:8      | You fall through a shaft!
 10413 | D:9      | Noticed a centaur warrior
 10537 | D:9      | Noticed a manticore
 10539 | D:9      | Killed a centaur warrior
 10549 | D:9      | Killed a manticore
 10976 | D:9      | Reached skill level 10 in Stealth
 11071 | D:9      | Reached ** piety under Dithmenos
 11081 | D:9      | Reached skill level 5 in Invocations
 11295 | D:9      | Found a shimmering altar of Xom.
 11295 | D:9      | Found a shimmering altar of Xom.
 11296 | D:9      | Found a shimmering altar of Xom.
 11296 | D:9      | Found a shimmering altar of Xom.
 11296 | D:9      | Found a shimmering altar of Xom.
 11297 | D:9      | Found a shimmering altar of Xom.
 11298 | D:9      | Found a shimmering altar of Xom.
 11298 | D:9      | Found a shimmering altar of Xom.
 11390 | D:9      | Found a hazy altar of Hepliaklqana.
 11390 | D:9      | Found a faded altar of an unknown god.
 11421 | D:9      | Found a faded altar of an unknown god.
 11442 | D:9      | Found a faded altar of an unknown god.
 11443 | D:9      | Found a faded altar of an unknown god.
 11878 | D:9      | Identified the amulet "Kasiump" {RegenMP rN+ Slay+3} (You found it on level 8 of the Dungeon)
 11902 | D:10     | Entered Level 10 of the Dungeon
 12051 | D:10     | Gained mutation: You have sharp fingernails. [demonic ancestry]
 12051 | D:10     | Reached XP level 11. HP: 62/74 MP: 10/15
 12532 | D:10     | Noticed Erica
 12539 | D:10     | Killed Erica
 12575 | D:10     | Noticed Josephine
 12586 | D:10     | Killed Josephine
 13253 | D:10     | Reached skill level 10 in Short Blades
 13807 | D:11     | Reached *** piety under Dithmenos
 14128 | D:11     | Reached skill level 5 in Spellcasting
 14259 | D:11     | Found a staircase to the Orcish Mines.
 14890 | D:11     | Noticed Sonja
 14896 | D:11     | Killed Sonja
 15359 | D:11     | Reached skill level 11 in Stealth
 15368 | D:11     | Reached **** piety under Dithmenos
 15446 | D:11     | Reached XP level 12. HP: 62/84 MP: 15/19
 15589 | D:11     | Reached skill level 5 in Fighting
 15885 | D:11     | Found Awu Ymmo's Antique Armour Shoppe.
 15949 | D:11     | Learned a level 7 spell: Orb of Destruction
 16134 | Lair:1   | Entered Level 1 of the Lair of Beasts
 16171 | Lair:1   | Reached skill level 1 in Conjurations
 16713 | Lair:1   | Noticed Fannar
 17355 | Lair:1   | Reached skill level 5 in Conjurations
 17432 | Lair:1   | HP: 3/86 [Fannar/Ozocubu's Refrigeration (16)]
 17434 | Lair:1   | Killed from afar by Fannar

Skill      XL: |  1  2  3  4  5  6  7  8  9 10 11 12 |
---------------+-------------------------------------+-----
Short Blades   | 1 2 5 7 8 10 | 10.0
Hexes          | 4 5 6 7 8 |  8.0
Stealth        | 3 5 7 9 10 11 | 11.5
Spellcasting   | 3 5 6 |  6.1
Ice Magic      | 2 3 |  3.1
Fighting       | 2 4 5 |  5.6
Invocations    | 5 8 |  8.0
Conjurations   | 5 |  5.4
Dodging        | |  1.9

Action                   |  1- 3 |  4- 6 |  7- 9 | 10-12 || total
-------------------------+-------+-------+-------+-------++-------
Melee: Dagger            |    91 |   224 |   445 |   575 ||  1335
 Cast: Corona            |     4 |       |       |       ||     4
       Ensorcelled Hiber |     1 |     6 |    23 |   123 ||   153
       Confuse           |       |    10 |       |    30 ||    40
  Use: Potion            |       |     2 |     1 |       ||     3
       Scroll            |       |       |    11 |     3 ||    14
 Stab: Sleeping          |     5 |     5 |    18 |    68 ||    96
       Confused          |       |     1 |       |    16 ||    17
       Distracted        |       |       |     2 |    14 ||    16
  Eat: Chunk             |     3 |     7 |    12 |    24 ||    46
       Meat ration       |       |     1 |       |       ||     1
       Beef jerky        |       |     1 |       |       ||     1
       Royal jelly       |       |       |       |     1 ||     1
       Pizza             |       |       |       |     1 ||     1
Armor: Robe              |    17 |    63 |    19 |       ||    99
       Leather armour    |       |       |   103 |   134 ||   237
Dodge: Dodged            |    53 |   119 |   199 |   276 ||   647
